[Event "Marienbad B2-IM 2024"]
[Site "Marianske Lazne"]
[Date "2024.01.16"]
[Round "4.20"]
[White "Kejna, Piotr"]
[Black "Lim, Zhuo Ren"]
[Result "1-0"]
[ECO "B90"]
[WhiteElo "2269"]
[BlackElo "2218"]
[Annotator "NA RC"]
[PlyCount "65"]
[EventDate "2024.01.10"]
[EventType "tourn"]
[EventCountry "CZE"]
[SourceTitle "playchess.com"]
[Source "ChessBase"]
[SourceQuality "1"]
[TimeControl "40/5400+30:1800+30"]

1. e4 c5 2. Nf3 d6 3. d4 cxd4 4. Nxd4 Nf6 5. Nc3 a6 6. Be3 e5 7. Nb3 Be6 8. Be2 Be7 9. O-O O-O 10. a4 Nc6 11. Qd2 h6 12. Rad1 Re8 13. Kh1 Rc8 14. f4 Na5 15. Nxa5 Qxa5 16. f5 Bc4 17. Bxc4 Rxc4 18. Bxh6 Rxc3 19. Qg5 Bf8 20. bxc3 Nxe4 21. Qh4 d5 22. c4 gxh6 23. Rxd5 Nc5 24. f6 b6 25. Qg4+ Kh8 26. Qh5 Kg8 27. Qg6+ Kh8 28. Qxf7 Qxa4 29. Rxe5 Rd8 30. Rg5 hxg5 31. Qh5+ Kg8 32. Qg6+ Kh8 33. f7 1-0

[Event "Marienbad B2-IM 2024"]
[Site "Marianske Lazne"]
[Date "2024.01.16"]
[Round "5.16"]
[White "Lim, Zhuo Ren"]
[Black "Wang, Yukun"]
[Result "1/2-1/2"]
[ECO "D52"]
[WhiteElo "2218"]
[BlackElo "2117"]
[Annotator "RC"]
[PlyCount "111"]
[EventDate "2024.01.10"]
[EventType "tourn"]
[EventCountry "CZE"]
[SourceTitle "playchess.com"]
[Source "ChessBase"]
[SourceQuality "1"]
[TimeControl "40/5400+30:1800+30"]

1. d4 d5 2. c4 c6 3. Nf3 Nf6 4. Nc3 e6 5. Bg5 Nbd7 6. e3 Be7 7. Qc2 O-O 8. Rd1 b6 9. cxd5 cxd5 10. Bd3 Bb7 11. O-O Rc8 12. Qe2 Ne4 13. Bxe7 Qxe7 14. Bxe4 dxe4 15. Nd2 f5 16. Rc1 e5 17. dxe5 Nxe5 18. Qb5 Rfd8 19. Nb3 Bc6 20. Qe2 Nd3 21. Rcd1 Bb7 22. Nd4 f4 23. Qg4 Nxb2 24. Rb1 Nc4 25. Rbc1 f3 26. Ncb5 fxg2 27. Rfd1 Ne5 28. Qe6+ Qxe6 29. Nxe6 Rxd1+ 30. Rxd1 Ba6 31. a4 Nd3 32. Kxg2 Rc2 33. Kg3 Ra2 34. Nc3 Rxf2 35. Nxe4 Re2 36. Kf3 Ne5+ 37. Kf4 Nd3+ 38. Kf3 Ra2 39. Kg3 Rxa4 40. Rf1 h6 41. Rf8+ Kh7 42. Nd6 h5 43. e4 Bc4 44. Ng5+ Kg6 45. h4 Ne5 46. Kf4 Nd7 47. Rc8 Ba6 48. Rc7 Nf6 49. Rxa7 Ra1 50. Nf5 Rf1+ 51. Nf3 Nxe4 52. Rxa6 Rxf3+ 53. Kxf3 Kxf5 54. Rxb6 Nd2+ 55. Ke2 Ne4 56. Kf3 1/2-1/2

[Event "Marienbad B2-IM 2024"]
[Site "Marianske Lazne"]
[Date "2024.01.16"]
[Round "5.17"]
[White "Plischki, Sebastian"]
[Black "Kejna, Piotr"]
[Result "1/2-1/2"]
[ECO "A30"]
[WhiteElo "2345"]
[BlackElo "2269"]
[Annotator "TA"]
[PlyCount "38"]
[EventDate "2024.01.10"]
[EventType "tourn"]
[EventCountry "CZE"]
[SourceTitle "playchess.com"]
[Source "ChessBase"]
[SourceQuality "1"]
[TimeControl "40/5400+30:1800+30"]

1. Nf3 Nf6 2. c4 e6 3. g3 b6 4. Bg2 Bb7 5. O-O c5 6. Nc3 Be7 7. d4 cxd4 8. Qxd4 O-O 9. Rd1 Nc6 10. Qf4 d6 11. b3 Qb8 12. Bb2 Rd8 13. h3 {[%emt 0:17:16] White is much more active. A30: Symmetrical English: Double Fianchetto and Hedgehog.} Rd7 {[%emt 0:08:59] [#]} 14. e4 $146 ({Predecessor:} 14. Rd2 Ne5 15. Rad1 Nxf3+ 16. Bxf3 Bxf3 17. Qxf3 Qf8 18. Nb5 Rc8 19. Bxf6 gxf6 20. Qf4 Rc6 {1-0 Petrosyan,T (2416)-Kirjakov,T (2216) Albena Masters op 2014 (6)}) 14... Ne5 15. Qe3 Nxf3+ 16. Bxf3 Qc7 17. Bg2 Rad8 18. Rac1 Qb8 19. Qe2 Qa8 {[%emt 0:02:30] Weighted Error Value: White=0.18 (very precise) /Black=0.12 (very precise)} (19... Rc8 $14 {deserves consideration.}) 1/2-1/2

[Event "Marienbad B2-IM 2024"]
[Site "Marianske Lazne"]
[Date "2024.01.16"]
[Round "5.18"]
[White "Luberanski, Jakub"]
[Black "Lima, Darcy"]
[Result "0-1"]
[ECO "C65"]
[WhiteElo "2278"]
[BlackElo "2370"]
[Annotator "TA"]
[PlyCount "48"]
[EventDate "2024.01.10"]
[EventType "tourn"]
[EventCountry "CZE"]
[SourceTitle "playchess.com"]
[Source "ChessBase"]
[SourceQuality "1"]
[TimeControl "40/5400+30:1800+30"]

1. e4 e5 2. Nf3 Nc6 3. Bb5 Nf6 4. O-O Bc5 5. d3 Nd4 6. Nxd4 Bxd4 7. c3 {[%emt 0:00:11] C65: Ruy Lopez: Berlin Defence (3...Nf6), unusual lines and 4 0-0 Bc5.} Bb6 8. Bg5 {[%emt 0:03:29] 8.Ba4 is the recent fashion.} h6 9. Bh4 {[%emt 0:00:05] The position is equal.} c6 10. Ba4 g5 11. Bg3 d6 {[%emt 0:00:08] Threatens to win with ...h5.} 12. Kh1 ({Better is} 12. Qd2 $1 $15) 12... h5 $1 $17 {[%emt 0:05:48] ...h4 would be deadly.} 13. f3 h4 $36 {[%emt 0:01:12][%mdl 2048] Black has strong initiative.} 14. Bf2 Nh5 15. Kg1 {[%emt 0:01:38] [#]} Ng3 $146 ({Predecessor:} 15... Bd7 16. d4 Qf6 17. Na3 Nf4 18. Nc4 Bc7 19. Ne3 O-O-O 20. d5 Bb6 21. dxc6 bxc6 {½-½ Kveinys,A (2435)-Kaim,P (2300) Polanica Zdroj op 1991}) 16. hxg3 $4 {[%emt 0:08:28][%mdl 8192] This costs White the game.} (16. Re1 $17 {was worth a try.}) 16... hxg3 $19 {[%emt 0:00:25][%mdl 64] Pin} 17. Bxb6 $2 {[%emt 0:00:03] [#]} (17. d4 gxf2+ 18. Kxf2) 17... Qf6 $1 (17... Qxb6+ 18. d4 g4 19. Re1 $11 (19. fxg4 $2 {is the wrong capture.} Qd8 $19)) 18. Re1 axb6 19. Kf1 Rh2 20. d4 {[%emt 0:04:54] [#]} Bh3 $1 {[%emt 0:12:23][%mdl 576] Promotion} 21. Ke2 Bxg2 {[%emt 0:00:35][%cal Og2f1] ( -> ...Bf1+!)} 22. Kd3 Bxf3 ({Stronger than} 22... Qxf3+ 23. Qxf3 Bxf3 24. Bb3 $11) 23. Qb3 {[%emt 0:02:19] [#]} Be2+ $1 24. Rxe2 (24. Kc2 Bb5+) 24... Qf3+ {[%emt 0:00:08] Ingenious play by Lima!   Weighted Error Value: White=1.58/Black=0.22 (precise)} 0-1

[Event "Marienbad B2-IM 2024"]
[Site "Marianske Lazne"]
[Date "2024.01.16"]
[Round "5.19"]
[White "Pavlis, Matej"]
[Black "Ivanov, Mike"]
[Result "0-1"]
[ECO "A04"]
[WhiteElo "2088"]
[BlackElo "2356"]
[Annotator "RC"]
[PlyCount "94"]
[EventDate "2024.01.10"]
[EventType "tourn"]
[EventCountry "CZE"]
[SourceTitle "playchess.com"]
[Source "ChessBase"]
[SourceQuality "1"]
[TimeControl "40/5400+30:1800+30"]

1. Nf3 Nc6 2. d4 d5 3. g3 Bf5 4. Bg2 e6 5. O-O Nb4 6. Na3 Nc6 7. Nb1 Nb4 8. Na3 Be7 9. c4 Nf6 10. Qb3 a5 11. Bd2 a4 12. Qd1 Ne4 13. Bxb4 Bxb4 14. Nc2 Be7 15. Ne3 Bg6 16. Ne5 O-O 17. Nxg6 hxg6 18. Qd3 Bf6 19. Rad1 c5 20. cxd5 exd5 21. dxc5 Nxc5 22. Qc2 Rc8 23. Nxd5 Re8 24. Bh3 Rc6 25. Nc3 Qb6 26. Bg2 Rcc8 27. Bd5 Ne6 28. Qxa4 Qxb2 29. Ne4 Be5 30. Rb1 Qxe2 31. Rxb7 Rcd8 32. Qb3 Qg4 33. f3 Qf5 34. Kg2 g5 35. Nf2 Bd4 36. Be4 Qa5 37. Rb5 Qd2 38. a4 Nc5 39. Qd1 Nxe4 40. fxe4 Qa2 41. Qf3 Bf6 42. a5 Rd2 43. Rf5 Bd4 44. Rxg5 Rc8 45. e5 g6 46. Rg4 Bxf2 47. Kh3 Bg1 0-1

[Event "Marienbad B2-IM 2024"]
[Site "Marianske Lazne"]
[Date "2024.01.16"]
[Round "5.20"]
[White "Balinski, Damian"]
[Black "Pisk, Petr"]
[Result "1/2-1/2"]
[ECO "D26"]
[WhiteElo "2226"]
[BlackElo "2295"]
[Annotator "NA RC"]
[PlyCount "30"]
[EventDate "2024.01.10"]
[EventType "tourn"]
[EventCountry "CZE"]
[SourceTitle "playchess.com"]
[Source "ChessBase"]
[SourceQuality "1"]
[TimeControl "40/5400+30:1800+30"]

1. d4 d5 2. c4 dxc4 3. Nf3 Nf6 4. e3 e6 5. Bxc4 c5 6. Qe2 cxd4 7. exd4 Be7 8. O-O Nc6 9. Rd1 O-O 10. Nc3 Na5 11. Bd3 b6 12. Bg5 Bb7 13. Rac1 Rc8 14. Ne5 Nd5 15. Qh5 f5 1/2-1/2

[Event "Marienbad B2-IM 2024"]
[Site "Marianske Lazne"]
[Date "2024.01.17"]
[Round "6.16"]
[White "Wang, Yukun"]
[Black "Pisk, Petr"]
[Result "0-1"]
[ECO "C62"]
[WhiteElo "2117"]
[BlackElo "2295"]
[Annotator "RC"]
[PlyCount "122"]
[EventDate "2024.01.10"]
[EventType "tourn"]
[EventCountry "CZE"]
[SourceTitle "playchess.com"]
[Source "ChessBase"]
[SourceQuality "1"]
[TimeControl "40/5400+30:1800+30"]

1. e4 e5 2. Nf3 Nc6 3. Bb5 d6 4. c3 Bd7 5. O-O Nge7 6. Re1 Ng6 7. d4 Be7 8. Nbd2 O-O 9. h3 Nxd4 10. Nxd4 exd4 11. Bxd7 dxc3 12. Ba4 cxd2 13. Qxd2 c6 14. g3 Qd7 15. Kg2 Rad8 16. f4 d5 17. e5 f5 18. b4 Rfe8 19. Bb2 Nf8 20. Bc2 d4 21. Bb3+ Kh8 22. a3 Ne6 23. Qd3 g6 24. Rad1 b5 25. Qf3 c5 26. bxc5 Bxc5 27. Rd3 a5 28. Red1 a4 29. Ba2 Qa7 30. h4 h5 31. Bd5 Qb6 32. Rc1 Rc8 33. Bxe6 Qxe6 34. Bxd4 Bf8 35. Rdc3 Rxc3 36. Rxc3 Rd8 37. Rc6 Qd5 38. Qxd5 Rxd5 39. Bc3 Rc5 40. e6+ Kg8 41. e7 Bxe7 42. Rxg6+ Kf7 43. Rg7+ Kf8 44. Ba1 Rc2+ 45. Kh3 Bxa3 46. Rg5 Bb2 47. Rxf5+ Kg7 48. Rxb5 Bxa1 49. Ra5 Rc4 50. Rxh5 Bc3 51. Rg5+ Kf7 52. Rf5+ Ke7 53. Rh5 Kd6 54. Rh6+ Kc5 55. Ra6 Kb5 56. Ra8 Rc6 57. h5 Ra6 58. Rb8+ Kc4 59. Rb1 a3 60. g4 a2 61. Rc1 Rb6 0-1

[Event "Marienbad B2-IM 2024"]
[Site "Marianske Lazne"]
[Date "2024.01.17"]
[Round "6.17"]
[White "Ivanov, Mike"]
[Black "Balinski, Damian"]
[Result "1-0"]
[ECO "A06"]
[WhiteElo "2356"]
[BlackElo "2226"]
[Annotator "TA"]
[PlyCount "81"]
[EventDate "2024.01.10"]
[EventType "tourn"]
[EventCountry "CZE"]
[SourceTitle "playchess.com"]
[Source "ChessBase"]
[SourceQuality "1"]
[TimeControl "40/5400+30:1800+30"]

1. Nf3 d5 2. g3 Nf6 3. Bg2 Bf5 4. O-O e6 5. c4 c6 6. d3 h6 7. cxd5 exd5 8. Nc3 d4 {[%emt 0:13:36] [#] A11: English Opening: 1...c6.} (8... Be7 $11 {keeps the balance.}) 9. Nb1 $146 ({Predecessor:} 9. e4 dxe3 10. Bxe3 Be7 11. Nd4 Bg6 12. Qb3 Qd7 13. Nf3 Bd6 14. d4 O-O 15. Ne5 Bxe5 16. dxe5 {1-0 Mendonca,L (2452)-Drygalov,S (2483) Titled Tuesday intern op 28th Apr blitz 2020 (3)}) 9... Bc5 {[%emt 0:01:29] [#]} 10. b4 $1 Bxb4 {[%emt 0:11:53] White is slightly better.} 11. Qb3 a5 12. a3 Be6 13. Qb2 Bc5 14. Qxb7 Ra7 15. Qb2 {[%emt 0:00:13] White is more active.} O-O 16. Bf4 $1 Ra6 17. Nbd2 Nd5 (17... Ba7 $14) 18. Be5 $1 $16 (18. Nxd4 $2 Nxf4 19. Nxe6 Nxe6 $19) 18... Nc3 19. Ne4 {[%emt 0:00:43] Wards off f6} Rb6 20. Qc2 Nxe4 21. dxe4 Na6 22. Qd3 Qc8 23. Bxd4 (23. Nxd4 $6 Rd8 24. e3 f6 $11) 23... Rd8 {[%emt 0:02:00] ...Bxd4 is the strong threat.} 24. e3 Rb3 {[%emt 0:00:42] [#]} 25. Qc2 Bxa3 {[%emt 0:01:17] [#]} (25... Bf8 $16) 26. Rxa3 $1 Rxa3 {[%emt 0:01:43] [#]} 27. Bxg7 $1 {[%emt 0:00:02][%mdl 64] Strongly threatening Qb2. Decoy} Qb7 (27... Qb8 {might work better.}) 28. Bf6 $18 {[%emt 0:02:01] This pair of bishops is nice.} ({Less strong is} 28. Bxh6 Ra2 29. Qc1 (29. Qc3 Qb2 $11) 29... c5 $14) 28... Rdd3 29. Ne5 $1 Rac3 (29... Rd6 $142 30. Qe2 Kh7) 30. Qe2 {[%emt 0:00:19] Intending Qh5 and mate.} ({Not} 30. Qxd3 Rxd3 31. Nxd3 Bb3 $15) 30... Nb4 31. Qh5 {[%emt 0:00:42] White mates.} Kh7 32. g4 Qc8 33. g5 Qf8 34. g6+ Kg8 35. g7 Qxg7 36. Bxg7 Kxg7 37. Bh3 Kf6 38. Qh4+ Kg7 39. Bxe6 fxe6 40. Qe7+ Kh8 41. Qf8+ {[%emt 0:30:08] Excellently played by Ivanov!   Weighted Error Value: White=0.04 (flawless) /Black=0.46} (41. Qf7 $142 Rd8 42. Ng6#) 1-0

[Event "Marienbad B2-IM 2024"]
[Site "Marianske Lazne"]
[Date "2024.01.17"]
[Round "6.18"]
[White "Lima, Darcy"]
[Black "Pavlis, Matej"]
[Result "1-0"]
[ECO "D34"]
[WhiteElo "2370"]
[BlackElo "2088"]
[Annotator "TA"]
[PlyCount "87"]
[EventDate "2024.01.10"]
[EventType "tourn"]
[EventCountry "CZE"]
[SourceTitle "playchess.com"]
[Source "ChessBase"]
[SourceQuality "1"]
[TimeControl "40/5400+30:1800+30"]

1. c4 e6 2. g3 c5 3. Bg2 Nc6 4. Nf3 d5 5. O-O Nf6 6. cxd5 exd5 7. d4 Be7 8. Nc3 O-O 9. b3 Re8 10. Bb2 Be6 {[%emt 0:03:08] D30: Queen's Gambit Declined: Systems without Nc3.} 11. Rc1 Rc8 12. dxc5 Bxc5 {[%emt 0:00:05][%cal Be7c5,Bc5f8,Bf8d6][%mdl 32] White is slightly better.} 13. Na4 Bf8 14. Nc5 {[%emt 0:02:00] [#]} Bg4 $146 ({Predecessor:} 14... Bxc5 15. Rxc5 Ne4 16. Rc1 Qb6 17. Nd4 Nxd4 18. Qxd4 Qxd4 19. Bxd4 b6 20. f3 Nd6 {1-0 Abramovic,B (2334)-Sharan,R (2033) Novi Sad TS07 Mix 2021 (8)}) 15. Nd3 (15. Nxb7 $2 Qb6 16. Bxf6 gxf6 17. Qxd5 Qxb7 $19) 15... Bd6 16. Rc2 Qe7 17. Qc1 h6 18. Rd1 Ne4 19. Nf4 Bxf4 (19... Bc5 20. e3 $16) 20. Qxf4 Be6 21. Rdc1 Bd7 22. Ne1 g5 23. Qe3 Qd6 24. Qd3 $40 {[%emt 0:05:53][%mdl 128] Wards off d4. Black is in trouble.} Bf5 25. f3 $1 Nxg3 {[%emt 0:00:47][%mdl 64] Discovered Attack} 26. e4 Nxe4 27. fxe4 Bxe4 28. Bxe4 Rxe4 29. Nf3 {[%emt 0:02:20][%cal Of3g5] Hoping for Nxg5!} Rce8 (29... Rc7 $11 {keeps the balance.} 30. Rc5 Nb4) 30. Rg2 $1 $16 Nb4 31. Qd2 {[%emt 0:02:13] a3 would be deadly.} f6 (31... Nxa2 $2 32. Nxg5 Qb6+ 33. Kh1 hxg5 34. Rxg5+ Kf8 35. Bg7+ Ke7 36. Rxd5 $18) (31... Qf4 $16) 32. Rf1 $18 {[%emt 0:01:09][%cal Rf3g5] Threatens to win with Nxg5!} d4 (32... Rf4 $142 33. h4 Ree4) 33. Nxd4 (33. Bxd4 $6 Rf4 34. Bxa7 Nd3 $18) 33... Qb6 $2 (33... Qc5 34. Rxf6 Nc6) 34. Qf2 $2 ({White must play} 34. Rgf2 $18 Rd8 35. Rxf6 Rexd4 36. Bxd4 Qxd4+ 37. Qxd4 Rxd4 38. Rxh6) 34... Nd3 $11 35. Qf5 {[%emt 0:00:05] Qg6+ is the strong threat.} (35. Qxf6 $2 Qxf6 36. Nf3 Nxb2 $19) 35... Kg7 {[%emt 0:00:25] Prevents Qg6+} (35... Nxb2 $11 {remains equal.} 36. Qg6+ Kh8) 36. Ba1 ({White should try} 36. Qd7+ $16 R8e7 37. Qb5 Qxb5 38. Nxb5) 36... R8e5 (36... Rxd4 $11 37. Bxd4 Qxd4+ 38. Kh1 Nf4) 37. Qd7+ $1 $14 Re7 (37... Kg6 $1 $14) 38. Qb5 (38. Qd6 {is interesting.} Qxd6 39. Nf5+ Kg6 40. Nxd6 Rf4 41. Bc3) 38... Qxb5 39. Nxb5 Nf4 {[%emt 0:00:17] [#] aiming for ...Nh3+.} 40. Nd6 $2 {[%emt 0:00:40][%mdl 8192] [#]} Re1 $2 (40... Nh3+ $1 $19 41. Kh1 Re1) 41. Nf5+ Kh7 {[%emt 0:30:01] ( -> ...Nh3+)} 42. Rd2 (42. Rc2 $5 R7e2 43. Rxe2 Rxe2 44. a4 $14 (44. Bxf6 Kg6 $14)) 42... Nh3+ $2 (42... R7e4 $11 {and Black has nothing to worry.}) 43. Kg2 $18 Nf4+ {[%emt 0:00:00] [#]} 44. Rxf4 $1 {[%emt 0:00:00][%mdl 512] Weighted Error Value: White=0.41/Black=0.52} 1-0

[Event "Marienbad B2-IM 2024"]
[Site "Marianske Lazne"]
[Date "2024.01.17"]
[Round "6.19"]
[White "Kejna, Piotr"]
[Black "Luberanski, Jakub"]
[Result "1/2-1/2"]
[ECO "E36"]
[WhiteElo "2269"]
[BlackElo "2278"]
[Annotator "RC"]
[PlyCount "24"]
[EventDate "2024.01.10"]
[EventType "tourn"]
[EventCountry "CZE"]
[SourceTitle "playchess.com"]
[Source "ChessBase"]
[SourceQuality "1"]
[TimeControl "40/5400+30:1800+30"]

1. d4 Nf6 2. c4 e6 3. Nc3 Bb4 4. Qc2 d5 5. a3 Bxc3+ 6. Qxc3 O-O 7. Bg5 c5 8. cxd5 cxd4 9. Qxd4 Nc6 10. Qh4 Qxd5 11. Bxf6 gxf6 12. Nf3 e5 1/2-1/2

[Event "Marienbad B2-IM 2024"]
[Site "Marianske Lazne"]
[Date "2024.01.17"]
[Round "6.20"]
[White "Lim, Zhuo Ren"]
[Black "Plischki, Sebastian"]
[Result "1/2-1/2"]
[ECO "A37"]
[WhiteElo "2218"]
[BlackElo "2345"]
[Annotator "TA"]
[PlyCount "120"]
[EventDate "2024.01.10"]
[EventType "tourn"]
[EventCountry "CZE"]
[SourceTitle "playchess.com"]
[Source "ChessBase"]
[SourceQuality "1"]
[TimeControl "40/5400+30:1800+30"]

1. c4 c5 2. Nf3 g6 3. g3 Bg7 4. Bg2 Nc6 5. Nc3 d6 6. O-O Rb8 7. e3 Nf6 8. d4 O-O 9. Re1 {[%emt 0:03:24] E65: King's Indian: Fianchetto: 6...c5 7 0-0 without d5 by White.} a6 10. b3 b5 11. cxb5 axb5 {[%emt 0:00:46] [#]} 12. Bb2 $146 ({Predecessor:} 12. Ng5 Qc7 13. dxc5 dxc5 14. Bb2 h6 15. Nf3 Rd8 16. Qe2 c4 17. Rac1 Be6 18. a3 {½-½ Englert,F (1794)-Buehler,S (1622) Wiesbaden op 27th 2015 (7)}) 12... cxd4 (12... c4 $5 ) 13. Nxd4 Nxd4 14. Qxd4 Be6 15. Qd2 {[%emt 0:00:39] Dodges Nd5} Qa5 16. Red1 Rfc8 (16... b4 $5 17. Ne2 Rfc8 $11) 17. Ne2 Qxd2 18. Rxd2 b4 19. Rc1 Rxc1+ 20. Nxc1 Bf5 21. f3 Rc8 22. Ne2 Bb1 23. Bf1 h5 (23... Bxa2 $2 24. Bxf6 Bxb3 25. Bxg7 (25. Bxe7 Bc2 $16) 25... Kxg7 26. Rb2 $18) 24. h4 Kf8 (24... Bxa2 $2 25. Bxf6 Bxb3 26. Bxg7 (26. Bxe7 Bc2 $16) 26... Kxg7 27. Rb2 $18) (24... Nd7 $5 ) 25. Kf2 Rc2 (25... Bxa2 $2 26. Bxf6 Bxb3 27. Bxg7+ Kxg7 28. Rb2 $18) 26. Rxc2 Bxc2 27. Nd4 Bb1 28. a4 {[%emt 0:00:38] [#] a5 is the strong threat.} bxa3 29. Bxa3 Nd5 30. Bc4 Nb6 31. Be2 Be5 32. Nc6 Bf6 33. b4 Ba2 34. b5 Ke8 35. Bb4 {[%emt 0:00:30] And now Ba5 would win.} Kd7 36. Na5 Kc7 37. Bd2 d5 38. e4 Nc4 39. Nxc4 (39. Bb4 {seems wilder.} Kb6 40. Nc6 dxe4 41. Bxe7 e3+ 42. Kg2) 39... dxc4 $11 {[%emt 0:01:12][%mdl 4096] Endgame KBB-KBB} 40. Ba5+ Kb7 41. Ke3 Bb3 42. e5 Bxe5 {[%emt 0:00:19] Strongly threatening ...c3.} 43. f4 Bb2 44. Bf3+ Kb8 {[%emt 0:00:09] aiming for ...c3.} 45. Kd2 Bd4 46. Bc3 Bf2 47. Ke2 Bc5 (47... Bxg3 $2 48. Be5+ Ka7 49. Bc7 Bxf4 50. Bxf4 $18) 48. Bd5 e6 49. Bc6 Bc2 50. Be8 Bd3+ 51. Kf3 {[%emt 0:00:00] The position is equal.} Kc7 52. Bxf7 Kd7 {[%emt 0:00:50] Black wants to play ...Ke7.} 53. g4 $1 Ke7 54. Bg8 Bc2 {[%emt 0:02:13] ...Bd1+ would be deadly.} 55. Kg3 Ba4 56. gxh5 gxh5 {[%emt 0:00:05] [#]} 57. f5 $1 Bd6+ 58. Kf2 {[%emt 0:00:00] Black must now prevent f6+.} Bc5+ 59. Kg3 Bd6+ 60. Kf2 {[%emt 0:00:00] Hoping for f6+.} Bc5+ {Weighted Error Value: White=0.06 (flawless) /Black=0.06 (flawless)} 1/2-1/2

[Event "Marienbad B2-IM 2024"]
[Site "Marianske Lazne"]
[Date "2024.01.18"]
[Round "7.16"]
[White "Plischki, Sebastian"]
[Black "Wang, Yukun"]
[Result "1-0"]
[ECO "A05"]
[WhiteElo "2345"]
[BlackElo "2117"]
[Annotator "TA"]
[PlyCount "102"]
[EventDate "2024.01.10"]
[EventType "tourn"]
[EventCountry "CZE"]
[SourceTitle "playchess.com"]
[Source "ChessBase"]
[SourceQuality "1"]
[TimeControl "40/5400+30:1800+30"]

1. Nf3 Nf6 2. g3 d5 3. Bg2 Bf5 4. O-O c6 5. d3 e6 6. Nh4 Bg6 {[%emt 0:00:04] A07: Réti Opening: New York and Capablanca Systems.} 7. e4 dxe4 (7... Bh5 $5 8. Qe1 Bc5 $11) 8. Nxg6 hxg6 {[%emt 0:00:06] [#] The position is equal.} 9. d4 $146 {[%emt 0:01:43] Against Bc5} ({Predecessor:} 9. dxe4 Qxd1 10. Rxd1 Nbd7 11. h3 Bc5 12. Nd2 O-O-O 13. Nb3 Bb6 14. Kf1 Nc5 15. Rxd8+ Rxd8 16. Nxc5 Bxc5 {½-½ Roiz,M (2659)-Laznicka,V (2578) EU-ch 9th Plovdiv 2008 (11)}) 9... c5 10. dxc5 $1 Qxd1 11. Rxd1 Bxc5 {[%emt 0:07:50] White must now prevent ...Ng4.} 12. Nc3 Nbd7 13. Nxe4 Nxe4 14. Bxe4 O-O-O 15. Kg2 Nf6 16. Rxd8+ Rxd8 17. Bf3 b6 18. Bg5 Kc7 19. h4 Rd4 20. Re1 Rd7 21. c3 Nh7 22. Bf4+ {[%emt 0:01:37] This pair of bishops is nice.} Bd6 23. Bc1 {[%emt 0:00:11] White is more active.} Nf6 24. Kf1 Bc5 25. Ke2 Nd5 26. Rd1 Nf6 27. Rxd7+ Nxd7 $16 {[%emt 0:00:06][%mdl 4096] Endgame KBB-KBN} 28. b4 Bd6 29. Kd1 Ne5 30. Be2 Nc6 31. Kc2 Be5 32. Be3 Ne7 33. Bd3 Nd5 34. Bd2 Nf6 35. Be1 Bd6 36. Bb5 Nd7 37. Bxd7 Kxd7 {[%emt 0:00:02] KB-KB} 38. b5 e5 (38... Bc5 $14) 39. f3 f5 (39... Ke6 $142) 40. Kd3 Bc5 (40... Ba3 $16) 41. a4 $1 $18 Ke6 42. c4 $1 Kd6 {[%emt 0:04:58] [#]} (42... Kf7 $16 {is a better defense.}) 43. g4 $1 Ke6 {[%emt 0:03:13] [#]} (43... e4+ {was called for.} 44. fxe4 fxg4) 44. a5 $1 Kd6 $2 (44... bxa5 45. Bxa5 Bf8) 45. a6 Ke6 46. Bc3 Kd6 47. gxf5 gxf5 48. h5 Bg1 {[%emt 0:00:00] [#]} 49. f4 $1 e4+ (49... exf4 50. Bxg7) 50. Kc2 Bh2 51. Bxg7 e3 {Weighted Error Value: White=0.06 (flawless) /Black=0.39} 1-0

[Event "Marienbad B2-IM 2024"]
[Site "Marianske Lazne"]
[Date "2024.01.18"]
[Round "7.17"]
[White "Luberanski, Jakub"]
[Black "Lim, Zhuo Ren"]
[Result "0-1"]
[ECO "B90"]
[WhiteElo "2278"]
[BlackElo "2218"]
[Annotator "NA RC"]
[PlyCount "86"]
[EventDate "2024.01.10"]
[EventType "tourn"]
[EventCountry "CZE"]
[SourceTitle "playchess.com"]
[Source "ChessBase"]
[SourceQuality "1"]
[TimeControl "40/5400+30:1800+30"]

1. e4 c5 2. Nf3 d6 3. d4 cxd4 4. Nxd4 Nf6 5. Nc3 a6 6. h3 e5 7. Nde2 h5 8. Bg5 Be6 9. g3 Nbd7 10. a4 Be7 11. Bg2 Bc4 12. O-O O-O 13. Qd2 b5 14. axb5 axb5 15. b3 Bxe2 16. Qxe2 b4 17. Na4 Qc7 18. h4 g6 19. Bh3 Nb6 20. Nxb6 Qxb6 21. Qc4 Kg7 22. Kg2 Qb7 23. Rae1 Ra5 24. Qd3 Rc5 25. f3 Rc3 26. Qd2 Ra8 27. Re3 Rc7 28. Rf2 Ra2 29. Qd1 Qa7 30. Rd3 Qc5 31. Rdd2 Qc3 32. Rd3 Qb2 33. Rdd2 Rc3 34. Bxf6+ Bxf6 35. Kh2 Be7 36. Bf1 Ra1 37. Qe2 Qc1 38. Qb5 Re3 39. Kg2 Re1 40. Qd3 d5 41. f4 dxe4 42. Qc4 Rxf1 43. Qxf1 e3 0-1

[Event "Marienbad B2-IM 2024"]
[Site "Marianske Lazne"]
[Date "2024.01.18"]
[Round "7.18"]
[White "Pavlis, Matej"]
[Black "Kejna, Piotr"]
[Result "0-1"]
[ECO "A46"]
[WhiteElo "2088"]
[BlackElo "2269"]
[Annotator "NA RC"]
[PlyCount "134"]
[EventDate "2024.01.10"]
[EventType "tourn"]
[EventCountry "CZE"]
[SourceTitle "playchess.com"]
[Source "ChessBase"]
[SourceQuality "1"]
[TimeControl "40/5400+30:1800+30"]

1. d4 Nf6 2. Nf3 c5 3. g3 cxd4 4. Nxd4 e5 5. Nb3 d5 6. Bg2 Nc6 7. Bg5 Be6 8. O-O Be7 9. Nc3 d4 10. Na4 Bd5 11. Bxf6 gxf6 12. Qd3 Bxg2 13. Kxg2 Qd7 14. Qf3 b6 15. Rfd1 Rd8 16. e3 Qe6 17. exd4 exd4 18. c3 Qc4 19. Nxd4 Ne5 20. b3 Nxf3 21. bxc4 Ne5 22. c5 bxc5 23. Nb5 O-O 24. f4 Ng4 25. Kg1 f5 26. h3 Nf6 27. Nc7 Ne4 28. Nd5 Bd6 29. Kg2 Kh8 30. Kf3 Rg8 31. g4 Rde8 32. Ne3 fxg4+ 33. hxg4 Rg6 34. Rd5 Rge6 35. Nf5 Bf8 36. Rad1 Be7 37. g5 f6 38. Nxe7 R6xe7 39. gxf6 Nxf6 40. R5d3 c4 41. Rd8 Re3+ 42. Kf2 Re2+ 43. Kf1 Rxa2 44. Nc5 Rxd8 45. Rxd8+ Kg7 46. Rd4 Ng4 47. Ke1 h5 48. Rxc4 h4 49. f5 Ne3 50. f6+ Kf7 51. Re4 h3 52. Rxe3 h2 53. Rh3 h1=Q+ 54. Rxh1 Ra1+ 55. Kd2 Rxh1 56. Kd3 Kxf6 57. Kc4 Rb1 58. Nb3 Ke7 59. Kb4 Kd6 60. c4 Kc6 61. Ka4 Rh1 62. Kb4 Rh5 63. Na5+ Kb6 64. Nb3 a5+ 65. Ka4 Rh2 66. Ka3 Rg2 67. Nd4 Rg4 0-1